 Dungeon Crawl Stone Soup version 0.32-a0-768-g0f6f1dd4b9 (webtiles) character file.

Game seed: 9568499380259280554

198 cforsyth the Chopper (level 5, -1/69 HPs)
             Began as a Mountain Dwarf Cinder Acolyte on Mar 19, 2024.
             Was a High Priest of Ignis.
             Slain by an adder (4 damage)
             ... on level 3 of the Dungeon.
             The game lasted 00:04:05 (3001 turns).

cforsyth the Chopper (MDCA)                         Turns: 3001, Time: 00:04:05

Health: -1/69      AC:  2    Str: 18    XL:     5   Next: 47%
Magic:  17/17      EV: 10    Int: 15    God:    Ignis [*****.]
Gold:   36         SH:  0    Dex:  5    Spells: 6/8 levels left

rFire   + + +        a - -1 hand axe (flame)
rCold   + . .        (no shield)
rNeg    . . .        b - +0 robe
rPois   +            (no helmet)
rElec   +            (no cloak)
rCorr   +            (no gloves)
SInv    .            (no boots)
Will    .....        (no amulet) Stlth
                     F - ring of protection from fire
HPRegen 0.31/turn    M - ring of magical power
MPRegen 0.15/turn

%: no passive effects
@: mighty, brilliant, berserking, lethally poisoned (-1 -> -7), resistant,
attractive, very quick
A: runic magic, artefact enchanting
a: Renounce Religion, Fiery Armour, Foxfire Swarm, Rising Flame


You were on level 3 of the Dungeon.
You worshipped Ignis.
Ignis was extremely pleased with you.
You visited 1 branch of the dungeon, and saw 3 of its levels.

You collected 120 gold pieces.
You spent 84 gold pieces at shops.


Innate Abilities, Weirdness & Mutations

Your spellcasting is much less encumbered by armour.
You can use scrolls of enchantment on lesser artefacts.


   Skills:
 + Level 4.2 Fighting
 + Level 4.6 Axes
 + Level 2.3 Armour
 + Level 2.1 Spellcasting
 + Level 4.6 Fire Magic


You had 6 spell levels left.
You knew the following spells:

 Your Spells              Type           Power      Damage    Failure   Level
X - Scorch                Fire           46%        2d6       4%          2

Your spell library contained the following spells:

 Spells                   Type           Power      Damage    Failure   Level
 Volatile Blastmotes      Fire/Tloc      24%        2d12      26%         3
 Passwall                 Erth           2%         N/A       54%         3
 Bombard                  Conj/Erth      1%         9d1       100%        6

Inventory:

Hand Weapons
 a - a -1 hand axe of flaming (weapon)
Armour
 b - a +0 robe (worn)
Magical Staves
 g - a staff of death {!a}
Jewellery
 F - a ring of protection from fire (left hand)
 M - a ring of magical power (right hand)
Scrolls
 d - a scroll of fear {unknown}
 e - 3 scrolls of identify {unknown}
 f - 2 scrolls of fog {unknown}
 h - a scroll of enchant weapon {unknown}
 l - a scroll of teleportation {unknown}
 q - a scroll of vulnerability {unknown}

Dungeon Overview and Level Annotations

Branches:
Dungeon (3/15)

Altars:

Shops:
D:3 **

Annotations:
D:3 Grinder

.....#.#♣.♣♣♣♣♣♣♣
♣♣....♣
##.....#♣♣......♣♣♣♣♣♣
♣...♣♣♣ #...#.#
♣♣♣♣♣♣♣.♣...♣♣♣...♣
#...#.# ♣♣.♣♣...5..♣♣
.#.....## ♣♣♣♣♣♣♣♣♣♣♣
.....#..####
##...†.....####
#.....#......##########
########
#..........#)oS@.......
........
#...#.#.##.).##########
####... #.............#
#... .............†.#
#####...
...............#
..<.....
...............#
.......) ...........o#
.....).. ..........
........ ......##.).
.......<


You could see an adder and an orc.


Message History

It was a potion of resistance.
You feel protected.
You feel sick. The adder bites you.
* * * LOW HITPOINT WARNING * * *
You are more poisoned.
The adder poisons you!
It was a potion of attraction.
You feel attractive to monsters.
* * * LOW HITPOINT WARNING * * *
You feel very sick. The adder closely misses you. The adder barely misses you.
It was a potion of berserk rage.
A red film seems to cover your vision as you go berserk!
You feel yourself moving faster!
You feel mighty!
You feel less invigorated.
You feel less confused.
You feel sick. The adder misses you.
Unknown command.
You closely miss the adder.
You feel sick. The adder barely misses you.
You closely miss the adder.
You feel sick. The adder barely misses you.
You closely miss the adder.
You feel sick. The adder bites you.
* * * LOW HITPOINT WARNING * * *
You miss the adder.
You feel sick. The adder bites you.
* * * LOW HITPOINT WARNING * * *
You are lethally poisoned!
The adder poisons you!
You barely miss the adder.
* * * LOW HITPOINT WARNING * * *
You feel sick. The adder bites you.
You die...
Ignis goes out, and joins you in death.

Skill      XL: |  1  2  3  4  5 |
---------------+----------------+-----
Armour         | 1 2 |  2.3
Fire Magic     | 4 |  4.6
Axes           | 4 |  4.6
Fighting       | 4 |  4.2
Spellcasting   | 2 |  2.1

Action                     |  1- 3 |  4- 6 || total
---------------------------+-------+-------++-------
  Melee: Hand axe          |    57 |     5 ||    62
   Cast: Scorch            |    22 |    31 ||    53
    Use: Potion            |     1 |     8 ||     9
 Armour: Robe              |    50 |    19 ||    69
  Dodge: Dodged            |    37 |    22 ||    59

Levels and vault maps discovered:
D:1:      minmay_arrival_loop, layout_loops_cross,
          shapermc_ecumenical_altar_acropolis, minmay_misc_feat_more_columns
D:2:      layout_rooms
D:3:      kb_forest_paths, layout_basic, serial_shops,
          nicolae_shop_overgrown_old_shop, nicolae_shop_trees, uniq_grinder,
          uniq_jessica, uniq_ijyb

Notes
Turn   | Place    | Note
-------+----------+-------------------------------------------
     0 | D:1      | cforsyth the Mountain Dwarf Cinder Acolyte began the quest
                  | for the Orb.
     0 | D:1      | Reached XP level 1. HP: 19/19 MP: 2/2
    40 | D:1      | Found a faded altar of an unknown god.
   139 | D:1      | Reached XP level 2. HP: 23/26 MP: 3/3
   151 | D:1      | Learned a level 2 spell: Scorch
   464 | D:1      | Reached skill level 1 in Armour
   593 | D:1      | Reached skill level 4 in Fire Magic
   914 | D:2      | Reached skill level 4 in Axes
   914 | D:2      | Reached XP level 3. HP: 31/31 MP: 1/5
  1749 | D:3      | Reached XP level 4. HP: 16/40 MP: 6/6
  2061 | D:3      | Noticed Grinder
  2269 | D:3      | Reached skill level 4 in Fighting
  2623 | D:3      | Found Rijam's General Store.
  2729 | D:3      | Found Vupyah's Assorted Antiques.
  2741 | D:3      | Bought a fizzy green potion for 16 gold pieces
  2741 | D:3      | Bought a glowing black potion for 16 gold pieces
  2741 | D:3      | Bought a scroll labelled XISCHA ESHOAXO for 18 gold pieces
  2741 | D:3      | Bought a yellow potion for 16 gold pieces
  2741 | D:3      | Bought a scroll labelled HYMENA UCOSA for 18 gold pieces
  2761 | D:3      | Noticed Jessica
  2765 | D:3      | Killed Jessica
  2766 | D:3      | Reached skill level 2 in Armour
  2766 | D:3      | Reached XP level 5. HP: 46/46 MP: 7/7
  2767 | D:3      | Reached skill level 2 in Spellcasting
  2971 | D:3      | Noticed Ijyb
  2985 | D:3      | Killed Ijyb
  2992 | D:3      | HP: 3/46 [adder (3)]
  2994 | D:3      | Identified a potion of resistance
  3000 | D:3      | HP: 6/69 [poisoned by an adder]
  3001 | D:3      | Slain by an adder

Vanquished Creatures
  An orc priest (D:3)
  Jessica (D:3)
  Ijyb (D:3)
  An orc wizard (D:2)
  3 adders (D:3)
  7 orcs
  4 ball pythons
  6 endoplasms
  4 giant cockroaches
  7 goblins
  7 hobgoblins
  6 jackals
  2 kobolds (D:1)
  2 quokkas
  A bat (D:3)
  2 frilled lizards
  2 rats
57 creatures vanquished.

Table legend: (Time is in decaauts)
 A = Elapsed time spent in this place.
 B = Non-inter-level travel time spent in this place.
 C = Inter-level travel time spent in this place.
 D = Time resting spent in this place.
 E = Time spent auto-exploring this place.
 F = Levels seen in this place.
 G = Mean time per level.
                   A        B        C        D        E       F      G
               +--------+--------+--------+--------+--------+-----+--------+
         Total |   3012 |   2976 |     36 |    718 |   1818 |   3 | 1004.0 |
       Dungeon |   3012 |   2976 |     36 |    718 |   1818 |   3 | 1004.0 |
               +--------+--------+--------+--------+--------+-----+--------+

Top non-repeatable levels by time:
     D:3: 1143 daAuts
     D:1: 1034 daAuts
     D:2: 834 daAuts

Table legend:
 A = Non-vault XP
 B = Vault XP
 C = Vault XP percentage of total XP
 D = Non-vault monster count
 E = Vault monster count
 F = Vault count percentage of total count
                 A         B        C        D         E       F
            +---------+---------+-------+---------+---------+-------
      Total |     201 |      83 |  29.2 |      49 |       8 |  14.0
            +---------+---------+-------+---------+---------+-------
        D:1 |      41 |       0 |   0.0 |      22 |       0 |   0.0
        D:2 |      55 |       0 |   0.0 |      13 |       0 |   0.0
        D:3 |     105 |      83 |  44.1 |      14 |       8 |  36.4
            +---------+---------+-------+---------+---------+-------
